 Dungeon Crawl Stone Soup version 0.30.0-30-g96aa6591b8 (webtiles) character file.

Game seed: 924685249471556012

172 monsoonserge the Slasher (level 5, -3/48 (58) HPs)
             Began as a Djinni Reaver on June 28, 2023.
             Slain by an orc
             ... wielding a +0 trident
              (5 damage)
             ... on level 5 of the Dungeon.
             The game lasted 00:08:09 (2985 turns).

monsoonserge the Slasher (Djinni Reaver)            Turns: 2985, Time: 00:08:10

HP:   -3/48 (58)    AC: 22    Str: 11    XL:     5   Next: 83%
Gold: 121           EV:  2    Int: 16    God:
                    SH:  9    Dex: 18

rFire   . . .        a - +0 falchion
rCold   . . .        r - +0 buckler
rNeg    . . .        b - melded +0 leather armour
rPois   ∞            o - melded +0 helmet
rElec   .            c - melded +0 cloak
rCorr   .            (gloves currently unavailable)
SInv    .            (boots unavailable)
Will    .....        s - amulet of reflection
Stlth   ++           x - +6 ring of dexterity
HPRegen 0.28/turn    (no ring)
MPRegen 0.00/turn

%: reflection, infuse magic (-4 HP)
@: mighty, brilliant, tree-form, attractive, heavily drained
A: stationary, stasis, torment immunity, boosted hp, sickness immunity, (fire
resistance 2), (cold vulnerability 1), float, innate caster, HP casting, extra
vitality 1
a: no special abilities


You were on level 5 of the Dungeon.
You were a tree.
You visited 1 branch of the dungeon, and saw 5 of its levels.

You collected 121 gold pieces.

Inventory:

Hand Weapons
 a - a +0 falchion (weapon)
Missiles
 f - 7 poisoned darts
 n - a throwing net
 y - 4 silver boomerangs
Armour
 b - a +0 leather armour (melded)
 c - a +0 cloak (melded)
 o - a +0 helmet (melded)
 r - a +0 buckler (worn)
Jewellery
 s - an amulet of reflection (around neck)
 x - a +6 ring of dexterity (left branch)
Scrolls
 d - 2 scrolls of identify {unknown}
 i - a scroll of amnesia {unknown}
 l - 3 scrolls of immolation {unknown}
 q - a scroll of fear {unknown}
 u - a scroll of enchant weapon {unknown}
 v - 3 scrolls of teleportation {unknown}
 w - a scroll of silence {unknown}
Potions
 g - 2 potions of lignification
 h - 3 potions of brilliance
 j - a potion of might
 k - a potion of attraction
 m - a potion of curing {unknown}
 p - a potion of degeneration {unknown}
 t - a potion of invisibility {unknown}


   Skills:
 + Level 2.4 Fighting
 + Level 3.6 Long Blades
 * Level 1.8 Armour
 + Level 2.8 Dodging
 * Level 1.0 Shields
 * Level 3.2 Spellcasting


You knew the following spells:

 Your Spells              Type           Power      Damage    Failure   Level
a - Kiss of Death         Conj/Necr      76%        2d11      7%          1
b - Momentum Strike       Conj/Tloc      38%        3d9       11%         2
c - Hailstorm             Conj/Ice       19%        3d6       22%         3
d - Slow                  Hex            76%        N/A       7%          1
e - Call Imp              Summ           38%        N/A       11%         2
Your spell library was empty.

Dungeon Overview and Level Annotations

Branches:
Dungeon (5/15)
 Temple: D:4-7

Altars:
Zin

Annotations:
D:4 Eustachio, Menkaure, Pikel


Innate Abilities, Weirdness & Mutations

You are a tree.
Your roots penetrate the ground, keeping you stationary.
You cannot be teleported.
You are immune to unholy pain and torment.
Your maximum health is greatly increased.
Your equipment is partially melded.
You are immune to sickness and miasma.
You are immune to poison.
((Your flesh is very heat resistant. (rF++)))
((You are vulnerable to cold. (rC-)))
You float through the air rather than walking.
You learn spells naturally, not from books.
Your magical power is your life essence.
You have superior vitality. (+4 MHP)


Message History

You hit the orc wizard.
The orc wizard is heavily wounded.
The orc wizard hits you but does no damage.
You block the orc's attack. x2
You closely miss the orc wizard.
The orc wizard is heavily wounded.
The orc hits you but does no damage.
The orc wizard hits you but does no damage.
The orc hits you but does no damage.
You closely miss the orc wizard.
The orc wizard is heavily wounded.
The orc wizard hits you but does no damage.
The orc hits you from afar with a +0 trident.
* * * LOW HITPOINT WARNING * * *
You block the orc's attack. The orc hits you but does no damage.
You block the orc's attack.
The orc wizard hits you but does no damage.
You slash the orc wizard!
You kill the orc wizard!
The orc completely misses you. The orc hits you but does no damage.
Your Shields skill increases to level 1!
You slash the orc!
You kill the orc!
The orc hits you but does no damage.
You barely miss the scorpion.
The scorpion stings you but does no damage.
You block the orc's attack.
The scorpion stings you but does no damage.
You hit the scorpion.
The scorpion is moderately wounded.
You hear the slow rusting of a drain very nearby.
The scorpion stings you.
* * * LOW HITPOINT WARNING * * *
The orc hits you from afar with a +0 trident!
* * * LOW HITPOINT WARNING * * *
You barely miss the scorpion.
The scorpion is moderately wounded.
You block the scorpion's attack.
The orc hits you from afar with a +0 trident.
You die...

##.....#..#
###..#..#
##.?.##
##...##
####...##
#.....##
#.o..##
##s.##
#♣)## ####


You could see a scorpion and an orc.

Vanquished Creatures
  A lemure (D:3)
  3 orc wizards
  3 adders
  4 orcs
  5 endoplasms
  2 giant cockroaches
  8 hobgoblins
  5 quokkas
  7 ball pythons
  5 bats
  4 frilled lizards
  5 goblins
  8 kobolds
  5 rats
65 creatures vanquished.

Vanquished Creatures (collateral kills)
  An orc (D:4)
1 creature vanquished.

Grand Total: 66 creatures vanquished

Notes
Turn   | Place    | Note
-------+----------+-------------------------------------------
     0 | D:1      | monsoonserge the Djinni Reaver began the quest for the Orb.
     0 | D:1      | monsoonserge set off with the following spells memorised:
                  | Kiss of Death, Momentum Strike, Hailstorm.
     0 | D:1      | Reached XP level 1. HP: 18/18 MP: 0/0
   164 | D:1      | Reached XP level 2. HP: 18/23 MP: 0/0
   928 | D:1      | Reached XP level 3. HP: 19/24 MP: 0/0
   928 | D:1      | Learned a level 1 spell: Slow
  1554 | D:2      | Reached XP level 4. HP: 31/31 MP: 0/0
  1615 | D:2      | Reached skill level 1 in Armour
  2277 | D:3      | Found a glowing silver altar of Zin.
  2567 | D:4      | Noticed a lemure
  2567 | D:4      | Noticed a lemure
  2567 | D:4      | Noticed a lemure
  2567 | D:4      | Noticed Pikel
  2597 | D:4      | Noticed a black bear
  2629 | D:3      | Killed a lemure
  2883 | D:4      | Noticed Eustachio
  2886 | D:4      | Noticed Menkaure
  2889 | D:4      | Reached XP level 5. HP: 22/26 MP: 0/0
  2889 | D:4      | Learned a level 2 spell: Call Imp
  2938 | D:5      | Entered Level 5 of the Dungeon
  2982 | D:5      | Reached skill level 1 in Shields
  2984 | D:5      | HP: 1/48 [orc/+0 trident (7)]
  2985 | D:5      | Slain by an orc

Illustrated notes

Levels and vault maps discovered:
D:1:      minmay_arrival_shattered_statue, layout_loops_corners,
          lexackson_kobold_supper
D:2:      layout_rooms, minmay_stone_trees_small, minmay_splitting_lines,
          chequers_garden
D:3:      layout_basic, zin_treasury, kennysheep_generic_room_5
D:4:      layout_basic, uniq_grinder, uniq_pikel, uniq_ijyb, uniq_menkaure,
          uniq_eustachio
D:5:      layout_cave_pods, mainiacjoe_overflow_tiny_flanked,
          gup_sewer_entry_bubbles

Skill      XL: |  1  2  3  4  5 |
---------------+----------------+-----
Long Blades    | 3 |  3.6
Armour         | 1 |  1.8
Spellcasting   | 3 |  3.2
Shields        | 1 |  1.0
Fighting       | |  2.4
Dodging        | |  2.8

Action                     |  1- 3 |  4- 6 || total
---------------------------+-------+-------++-------
  Melee: Falchion          |   123 |   117 ||   240
         Punch             |     1 |     2 ||     3
   Cast: Kiss of Death     |     1 |     3 ||     4
         Slow              |       |     1 ||     1
         Call Imp          |       |     3 ||     3
    Use: Potion            |       |     5 ||     5
   Stab: Distracted        |     1 |       ||     1
         Sleeping          |       |     1 ||     1
 Armour: Leather armour    |    49 |    28 ||    77
         Skin              |       |    37 ||    37
  Dodge: Dodged            |    71 |    62 ||   133
  Block: Buckler           |       |    56 ||    56
